 Dungeon Crawl Stone Soup version 0.24-a0-378-g94936e5 (webtiles) character file.

Game seed: 9073378924555700276

108 topirishpotato the Cutter (level 4, -1/33 HPs)
             Began as a Demonspawn Assassin on June 3, 2019.
             Slain by a worm (6 damage)
             ... on level 3 of the Dungeon.
             The game lasted 00:03:37 (2372 turns).

topirishpotato the Cutter (Demonspawn Assassin)     Turns: 2372, Time: 00:03:38

Health: -1/33      AC:  6    Str: 11    XL:     4   Next: 58%
Magic:  4/4        EV: 11    Int: 13    God:
Gold:   85         SH:  0    Dex: 15    Spells: 3/3 levels left

rFire    . . .     SeeInvis .   a - +2 dagger
rCold    . . .     Gourm    .   (no shield)
rNeg     . . .     Faith    .   g - +0 leather armour
rPois    .         Spirit   .   (no helmet)
rElec    .         Reflect  .   c - +0 cloak
rCorr    .         Harm     .   (no gloves)
MR       .....                  (no boots)
Stlth    ++........             (no amulet)
HPRegen  0.11/turn              (no ring)
MPRegen  0.09/turn              (no ring)

@: no status effects
A: talons 1, thin metallic scales 1, rot immunity
a: no special abilities


You were on level 3 of the Dungeon.
You were hungry.

You visited 1 branch of the dungeon, and saw 4 of its levels.

You collected 85 gold pieces.

Inventory:

Hand Weapons
 a - a +2 dagger (weapon)
Missiles
 d - 7 poisoned darts (quivered)
 e - 2 curare-tipped darts
Armour
 c - a +0 cloak (worn)
 g - a +0 leather armour (worn)
Jewellery
 q - a cursed -3 ring of slaying {unknown}
 r - an uncursed amulet of faith {unknown}
Scrolls
 h - 4 scrolls of remove curse
 k - a scroll of blinking {unknown}
 m - 4 scrolls of identify
 n - a scroll of fog {unknown}
 o - a scroll of enchant armour {unknown}
 p - a scroll of fear {unknown}
Potions
 b - 2 potions of curing {unknown}
 i - a potion of heal wounds {unknown}
 j - a potion of ambrosia {unknown}
 l - a potion of brilliance {unknown}
Comestibles
 f - 8 rations


   Skills:
 - Level 2.0 Fighting
 + Level 4.4 Short Blades
 - Level 1.7 Throwing
 - Level 0.8 Dodging
 - Level 3.6 Stealth


You had 3 spell levels left.
You didn't know any spells.
Your spell library was empty.

Dungeon Overview and Level Annotations

Branches:
Dungeon (4/15)
 Temple: D:4-7

Altars:
Fedhas
Trog


Innate Abilities, Weirdness & Mutations

You have sharp toenails.
You are partially covered in thin metallic scales. (AC +2)
You are immune to rotting.


Message History

The worm is moderately wounded.
You barely miss the worm. You claw the worm.
The worm is heavily wounded.
The worm bites you!
You are too injured to fight recklessly!
You are too injured to fight recklessly!
You are too injured to fight recklessly!
You are too injured to fight recklessly!
You hit the worm but do no damage.
The worm is heavily wounded.
You hit the worm. You claw the worm.
The worm is severely wounded.
The worm bites you!
* * * LOW HITPOINT WARNING * * *
You hit the worm. You claw the worm.
The worm is almost dead.
You hit the worm.
The worm is almost dead.
The worm bites you.
You die...

#.......##.##.#
#.......).....#
#.......#.....##
###'#####.....#
######.# #.....#
#.....†# #.....#
#......#
########
#......# ......
#.@....# #......
#.w........
#......
#......#...
#......
#......#...#
...... #%.....#
..####....
##.....#
.........
#.....# #.....
#....!# #.....
#.....


You could see a worm.

Vanquished Creatures
  A gnoll (D:1)
  2 adders (D:2)
  A worm (D:2)
  2 leopard geckos (D:1)
  7 giant cockroaches
  10 goblins
  10 hobgoblins
  7 jackals
  4 bats
  5 frilled lizards
  9 kobolds
  11 rats
69 creatures vanquished.

Notes
Turn   | Place    | Note
-------+----------+-------------------------------------------
     0 | D:1      | topirishpotato the Demonspawn Assassin began the quest for
                  | the Orb.
     0 | D:1      | Reached XP level 1. HP: 16/16 MP: 1/1
     7 | D:1      | Reached skill level 2 in Short Blades
     7 | D:1      | Gained mutation: You are partially covered in thin metallic
                  | scales. (AC +2) [demonic ancestry]
     7 | D:1      | Reached XP level 2. HP: 22/22 MP: 2/2
   238 | D:1      | Reached skill level 3 in Short Blades
   333 | D:1      | Gained mutation: You have sharp toenails. [demonic
                  | ancestry]
   333 | D:1      | Reached XP level 3. HP: 8/27 MP: 3/3
  1478 | D:2      | Reached skill level 4 in Short Blades
  1478 | D:2      | Gained mutation: You are immune to rotting. [demonic
                  | ancestry]
  1478 | D:2      | Reached XP level 4. HP: 33/33 MP: 4/4
  1534 | D:2      | You fall into a shaft and drop 2 floors!
  2141 | D:2      | Found a blossoming altar of Fedhas.
  2142 | D:2      | Found a bloodstained altar of Trog.
  2372 | D:3      | Slain by a worm

Levels and vault maps discovered:
D:1:      minmay_arrival_four_circles, layout_basic
D:2:      layout_loops_ring, gammafunk_temple_overflow_pools
D:3:      layout_basic, cheibrodos_sewer_entry_bend
D:4:      layout_basic, uniq_blork_the_orc, uniq_menkaure, uniq_duvessa

Skill      XL: |  1  2  3 |
---------------+----------+-----
Short Blades   | 2 3 4 |  4.4
Fighting       | |  2.0
Throwing       | |  1.7
Dodging        | |  0.8
Stealth        | |  3.6

Action                   |  1- 3 |  4- 6 || total
-------------------------+-------+-------++-------
Melee: Dagger            |   120 |    76 ||   196
       Kick              |    13 |    14 ||    27
Throw: Dart              |    14 |       ||    14
  Use: Scroll            |     2 |       ||     2
 Stab: Distracted        |     1 |     1 ||     2
       Sleeping          |     6 |     9 ||    15
  Eat: Chunk             |     1 |     3 ||     4
Armor: Leather armour    |    31 |    18 ||    49
       Robe              |     6 |       ||     6
Dodge: Dodged            |    74 |    33 ||   107

Table legend:
 A = Non-vault XP
 B = Vault XP
 C = Vault XP percentage of total XP
 D = Non-vault monster count
 E = Vault monster count
 F = Vault count percentage of total count
                 A         B        C        D         E       F
            +---------+---------+-------+---------+---------+-------
      Total |     155 |       0 |   0.0 |      69 |       0 |   0.0
            +---------+---------+-------+---------+---------+-------
        D:1 |      60 |       0 |   0.0 |      26 |       0 |   0.0
        D:2 |      73 |       0 |   0.0 |      29 |       0 |   0.0
        D:3 |      22 |       0 |   0.0 |      14 |       0 |   0.0
            +---------+---------+-------+---------+---------+-------
